 Dungeon Crawl Stone Soup version 0.21.1-1-g345015f (webtiles) character file.

270 Fang the Chopper (level 6, -1/39 HPs)
             Began as a Gargoyle Berserker on June 8, 2018.
             Was a Believer of Trog.
             Slain by an adder (4 damage)
             ... on level 3 of the Dungeon.
             The game lasted 00:03:52 (2114 turns).

Fang the Chopper (Gargoyle Berserker)               Turns: 2114, Time: 00:03:53

Health: -1/39      AC:  6    Str: 22    XL:     6   Next: 22%
Magic:  6/6        EV: 12    Int:  8    God:    Trog [**....]
Gold:   144        SH:  0    Dex:  9    Spells: 5/5 levels left

rFire    . . .     SeeInvis .   a - +0 hand axe
rCold    . . .     Gourm    .   (no shield)
rNeg     + . .     Faith    .   b - +0 animal skin
rPois    ∞         Spirit   .   (no helmet)
rElec    +         Reflect  .   (no cloak)
rCorr    .         Harm     .   (no gloves)
MR       .....                  (no boots)
Stlth    +.........             (no amulet)
HPRegen  0.13/turn              (no ring)
MPRegen  0.10/turn              (no ring)

@: berserk cooldown
A: negative energy resistance 1, electricity resistance, unbreathing,
petrification resistance, rot immunity, AC +4
a: Berserk, Trog's Hand, Burn Spellbooks, Renounce Religion


You were on level 3 of the Dungeon.
You worshipped Trog.
Trog was pleased with you.
You were hungry.

You visited 1 branch of the dungeon, and saw 3 of its levels.

You collected 144 gold pieces.

Inventory:

Hand Weapons
 a - a +0 hand axe (weapon)
Armour
 b - a +0 animal skin (worn)
Jewellery
 m - an uncursed ring of positive energy {unknown}
 n - an uncursed ring of resist corrosion {unknown}
Scrolls
 d - 3 scrolls of identify {unknown}
 e - a scroll of random uselessness {unknown}
 f - 2 scrolls of immolation {unknown}
 g - 2 scrolls of remove curse {unknown}
 h - 3 scrolls of magic mapping {unknown}
 i - a scroll of blinking {unknown}
 k - a scroll of fog {unknown}
 l - a scroll of teleportation {unknown}
 o - a scroll of amnesia {unknown}
Potions
 j - 2 potions of agility {unknown}
Comestibles
 c - 2 rations


   Skills:
 + Level 4.3 Fighting
 + Level 4.8 Axes
 + Level 2.6 Armour
 + Level 2.7 Dodging
 + Level 0.3 Stealth


You had 5 spell levels left.
You didn't know any spells.

Dungeon Overview and Level Annotations

Branches:
Dungeon (3/15)

Altars:


Innate Abilities, Weirdness & Mutations

You are resistant to torment.
Your stone body is resilient. (AC +4)
You are immune to poison.
You resist negative energy. (rN+)
You are resistant to electric shocks. (rElec)
You can survive without breathing.
You are immune to petrification.
You are immune to rotting.


Message History

The adder is heavily wounded.
You closely miss the quokka. The adder misses you. The quokka misses you.
Unknown command.
You hit the quokka.
The quokka is almost dead.
You hit the adder but do no damage. The adder closely misses you.
The quokka closely misses you. The adder bites you.
* * * LOW HITPOINT WARNING * * *
Unknown command.
You hit the quokka but do no damage.
The quokka is almost dead.
You barely miss the adder.
The quokka bites you but does no damage.
The adder closely misses you. The quokka bites you.
* * * LOW HITPOINT WARNING * * *
A rat comes into view.
You closely miss the quokka.
The quokka is almost dead.
You hit the adder. The adder bites you.
You die...

..###...
#######...... .
......r..... ..
#..... .... ...
#.#.. ... ....
#.#.####.# )....
#†#....)r#......
#<...##S@...#
#.....#.##.####
#.....#........
#..............
####............
#............
#.....##......
...###.# .....
##.. #.# .....


You could see an adder, a quokka and a rat.

Vanquished Creatures
  The ghost of no1specific the Skirmisher, an amateur GrBe of Trog (D:3)
  A howler monkey (D:2)
  6 adders
  3 dart slugs
  2 leopard geckos
  4 orcs (D:3)
  4 giant cockroaches
  8 goblins
  6 hobgoblins
  4 jackals
  6 kobolds
  A bat (D:2)
  A frilled lizard (D:3)
  5 rats
52 creatures vanquished.

Notes
Turn   | Place    | Note
-------+----------+-------------------------------------------
     0 | D:1      | Fang the Gargoyle Berserker began the quest for the Orb.
     0 | D:1      | Reached XP level 1. HP: 14/14 MP: 1/1
    72 | D:1      | Reached XP level 2. HP: 12/19 MP: 2/2
   517 | D:1      | You fall through a shaft!
   526 | D:2      | Reached XP level 3. HP: 22/24 MP: 3/3
   906 | D:2      | Reached XP level 4. HP: 29/29 MP: 4/4
  1010 | D:2      | Reached ** piety under Trog
  1802 | D:3      | Noticed no1specific's ghost (amateur GrBe)
  1824 | D:2      | Reached XP level 5. HP: 23/33 MP: 5/5
  2081 | D:3      | Killed no1specific's ghost
  2081 | D:3      | Reached XP level 6. HP: 38/39 MP: 6/6
  2114 | D:3      | Slain by an adder

Skill      XL: |  1  2  3  4  5 |
---------------+----------------+-----
Axes           | 3 4 |  4.8
Dodging        | 2 |  2.7
Fighting       | 4 |  4.3
Armour         | |  2.6
Stealth        | |  0.3

Action                   |  1- 3 |  4- 6 || total
-------------------------+-------+-------++-------
Melee: Hand axe          |   104 |   106 ||   210
Invok: Berserk           |       |     2 ||     2
  Eat: Chunk             |       |     2 ||     2
       Ration            |       |     1 ||     1
Armor: Animal skin       |    40 |    39 ||    79
Dodge: Dodged            |    84 |   102 ||   186
